 Dungeon Crawl Stone Soup version 0.28-a0-529-g3bad584f25 (webtiles) character file.

Game seed: 3084784042362311808

1211 willcat the Covert (level 8, 0/52 HPs)
             Began as an Octopode Delver on Sept 25, 2021.
             Was an Initiate of Vehumet.
             Succumbed to a kobold's poison
             ... on level 7 of the Dungeon.
             The game lasted 00:06:25 (2805 turns).

willcat the Covert (Octopode Delver)                Turns: 2805, Time: 00:06:26

Health: 0/52       AC:  1    Str: 11    XL:     8   Next: 46%
Magic:  7/13       EV: 29    Int: 15    God:    Vehumet [......]
Gold:   189        SH:  0    Dex: 13    Spells: 7/14 levels left

rFire   + . .      SeeInvis .   d - +0 rapier
rCold   + . .      Faith    .   (no shield)
rNeg    . . .      Spirit   .   (helmet restricted)
rPois   +          Reflect  .   j - amulet of the acrobat
rElec   +          Harm     .   i - ring of willpower
rCorr   +          Rampage  .   (no ring)
Will    +....                   (no ring)
Stlth   +++++.....              (no ring)
HPRegen 0.17/turn               (no ring)
MPRegen 0.13/turn               (no ring)
                                (no ring)
                                (no ring)

@: lethally poisoned (0 -> -1), resistant, acrobatic
A: almost no armour, amphibious, 8 rings, camouflage 1, gelatinous body 1,
(nimble swimmer 1), tentacles
a: Renounce Religion


You were on level 7 of the Dungeon.
You worshipped Vehumet.
Vehumet was noncommittal.
You visited 2 branches of the dungeon, and saw 4 of its levels.

You collected 189 gold pieces.

Inventory:

Hand Weapons
 d - a +0 rapier (weapon)
Missiles
 m - 85 stones (quivered)
Magical Staves
 a - a staff of earth
 l - a staff of poison
Jewellery
 i - a ring of willpower (left tentacle)
 j - an amulet of the acrobat (around mantle)
Wands
 f - a wand of digging (3)
Scrolls
 b - a scroll of fog
 c - a scroll of magic mapping
 o - a scroll of teleportation


   Skills:
 - Level 3.0 Fighting
 + Level 4.7 Short Blades
 + Level 3.7 Dodging
 + Level 9.2 Stealth
 * Level 3.7 Spellcasting
 * Level 2.2 Conjurations
 * Level 1.5 Air Magic
 * Level 3.3 Earth Magic
 * Level 2.0 Poison Magic


You had 7 spell levels left.
You knew the following spells:

 Your Spells              Type           Power      Damage    Failure   Level
a - Sandblast             Erth           24%        2d8       4%          1
b - Stone Arrow           Conj/Erth      22%        3d8       19%         3
c - Mephitic Cloud        Conj/Pois/Air  8%         N/A       26%         3

Your spell library contained the following spells:

 Spells                   Type           Power      Damage    Failure   Level
 Magic Dart               Conj           36%        1d4       8%          1
 Passwall                 Tmut/Erth      5%         N/A       14%         2
 Animate Skeleton         Necr           4%         N/A       19%         1
 Apportation              Tloc           4%         N/A       19%         1
 Summon Small Mammal      Summ           8%         N/A       19%         1
 Call Imp                 Summ           2%         N/A       28%         2
 Sublimation of Blood     Necr           1%         N/A       28%         2
 Petrify                  Tmut/Erth      7%         N/A       67%         4
 Irradiate                Conj/Tmut      3%         3d14      97%         5


Dungeon Overview and Level Annotations

Branches:
Dungeon (7/15)             Temple (1/1) D:6

Altars:
Dithmenos
Makhleb
Okawaru
Qazlal
Ru
Sif Muna
Trog
Vehumet
Wu Jian
Yredelemnul
The Shining One
Lugonu


Innate Abilities, Weirdness & Mutations

You cannot wear most types of armour.
You are amphibious.
You can wear up to eight rings at the same time.
Your skin changes colour to match your surroundings (Stealth+).
Your rubbery body absorbs attacks. (AC +1, EV +1)
((You are camouflaged near water. (Stealth+)))
You have tentacles for arms and can constrict up to eight enemies at once.


Message History

Unknown command.
You feel protected.
* * * LOW HITPOINT WARNING * * *
You feel sick. The kobold barely misses you.
The kobold hits you but does no damage.
Unknown command.
Unknown command.
Okay, then.
As you read the scroll of teleportation, it crumbles to dust.
You feel strangely unstable.
* * * LOW HITPOINT WARNING * * *
You feel very sick.
The kobold hits you with a +0 short sword.
* * * LOW HITPOINT WARNING * * *
Unknown command.
Unknown command.
* * * LOW HITPOINT WARNING * * *
You feel sick.
The kobold throws a poisoned dart.
The poisoned dart completely misses you.
The kobold barely misses you. The kobold completely misses you.
Unknown command.
* * * LOW HITPOINT WARNING * * *
You feel sick.
The kobold throws a stone.
The stone misses you.
The kobold unwields a +0 short sword.
The kobold wields a +0 hand crossbow.
The kobold shoots a bolt.
The bolt completely misses you.
Unknown command.
* * * LOW HITPOINT WARNING * * *
You feel sick.
Unknown command.
Found a scroll of identify.
Your surroundings suddenly seem different. 5 orcs come into view.
* * * LOW HITPOINT WARNING * * *
You feel sick.
The orc moves out of view.
Unknown command.
There are no items here.
* * * LOW HITPOINT WARNING * * *
You feel sick.
The orc shouts! x3; You hear a shout!
You die...

.##### .. #.....
#.. .#####
#o##############
#..............
#...#..#..#..# .
#..oo..o........
##..#.o#..#..#..
#.......@.......
#.##############


You could see 5 orcs.

Vanquished Creatures
  A steam dragon (D:6)
  2 water moccasins
  A sky beast (D:6)
  2 necrophages (D:6)
  2 ogres
  A centaur (D:5)
  A kobold brigand (D:7)
  3 bullfrog zombies
  4 hounds
  A bullfrog skeleton (D:5)
  A hound zombie (D:5)
  A howler monkey zombie (D:5)
  2 adders (D:5)
  A howler monkey skeleton (D:5)
  2 white imps (D:6)
  4 kobolds (D:7)
29 creatures vanquished.

Notes
Turn   | Place    | Note
-------+----------+-------------------------------------------
     0 | D:5      | willcat the Octopode Delver began the quest for the Orb.
     0 | D:5      | Reached XP level 1. HP: 16/16 MP: 1/1
    93 | D:5      | Noticed a hound
   111 | D:5      | Reached XP level 2. HP: 3/21 MP: 2/2
   380 | D:5      | Reached skill level 7 in Stealth
   380 | D:5      | Reached XP level 3. HP: 26/26 MP: 3/3
   428 | D:5      | Reached XP level 4. HP: 29/31 MP: 4/4
   438 | D:5      | Noticed a centaur
   447 | D:5      | Killed a centaur
   448 | D:5      | Reached XP level 5. HP: 36/36 MP: 5/5
   450 | D:5      | Learned a level 1 spell: Sandblast
   481 | D:5      | Noticed a water moccasin
   508 | D:5      | Reached skill level 8 in Stealth
   719 | D:5      | Killed a water moccasin
   720 | D:5      | Reached skill level 1 in Spellcasting
   720 | D:5      | Reached skill level 1 in Earth Magic
   720 | D:5      | Reached XP level 6. HP: 31/42 MP: 4/7
   812 | D:5      | Learned a level 3 spell: Stone Arrow
   918 | D:5      | Found a shimmering blue altar of Sif Muna.
   918 | D:5      | Noticed an ice beast
  1204 | D:6      | Noticed a sky beast
  1585 | D:6      | Reached XP level 7. HP: 35/46 MP: 9/9
  1802 | D:6      | Found a staircase to the Ecumenical Temple.
  1822 | Temple   | Entered the Ecumenical Temple
  1972 | Temple   | Became a worshipper of Vehumet
  2007 | D:6      | Reached skill level 1 in Conjurations
  2094 | D:6      | Learned a level 3 spell: Mephitic Cloud
  2291 | D:6      | Reached skill level 9 in Stealth
  2291 | D:6      | Reached skill level 1 in Poison Magic
  2291 | D:6      | Reached XP level 8. HP: 21/52 MP: 4/12
  2520 | D:6      | Reached skill level 1 in Air Magic
  2753 | D:7      | Found a glowing golden altar of the Shining One.
  2803 | D:7      | HP: 2/52 [poisoned by a kobold]
  2805 | D:7      | Succumbed to a kobold's poison

Illustrated notes

Levels and vault maps discovered:
D:5:      layout_loops_ring, chequers_temple_overflow_statue_of_worship,
          nicolae_sif_muna_little_library, minmay_crystal_water,
          grunt_ministairs_3
D:6:      minmay_general_purpose_star, layout_rooms,
          minmay_temple_entry_offerings
D:7:      gammafunk_cloud_chamber, layout_loops_ring,
          mainiacjoe_overflow_small_starburst, minitemple, corner_web_ring,
          columned_hall_lemuel
Temple:   corrupted_temple

Skill      XL: |  1  2  3  4  5  6  7  8 |
---------------+-------------------------+-----
Stealth        | 7 8 9 |  9.2
Short Blades   | 3 4 |  4.7
Dodging        | 3 |  3.7
Spellcasting   | 1 3 |  3.7
Earth Magic    | 1 2 3 |  3.3
Conjurations   | 1 2 |  2.2
Poison Magic   | 1 2 |  2.0
Air Magic      | 1 |  1.5
Fighting       | |  3.0

Action                   |  1- 3 |  4- 6 |  7- 9 || total
-------------------------+-------+-------+-------++-------
Melee: Short sword       |    13 |    33 |       ||    46
       Constrict         |     3 |    10 |     3 ||    16
       Tentacles         |     1 |    11 |     1 ||    13
       Rapier            |       |     8 |    25 ||    33
 Cast: Sandblast         |       |    15 |    12 ||    27
       Mephitic Cloud    |       |       |     4 ||     4
  Use: Scroll            |       |     1 |     4 ||     5
       Potion            |       |       |     4 ||     4
 Stab: Sleeping          |     2 |     3 |     6 ||    11
       Confused          |       |       |     2 ||     2
Armor: Skin              |       |     4 |     2 ||     6
Dodge: Dodged            |     6 |    30 |    31 ||    67

Table legend: (Time is in decaauts)
 A = Elapsed time spent in this place.
 B = Non-inter-level travel time spent in this place.
 C = Inter-level travel time spent in this place.
 D = Time resting spent in this place.
 E = Time spent auto-exploring this place.
 F = Levels seen in this place.
 G = Mean time per level.
                   A        B        C        D        E       F      G
               +--------+--------+--------+--------+--------+-----+--------+
         Total |   2780 |   2746 |     34 |    892 |   1080 |   4 |  695.0 |
       Dungeon |   2619 |   2596 |     23 |    892 |    948 |   3 |  873.0 |
        Temple |    161 |    150 |     11 |      0 |    132 |   1 |  161.0 |
               +--------+--------+--------+--------+--------+-----+--------+

Top non-repeatable levels by time:
     D:6: 1484 daAuts
     D:5: 1076 daAuts
  Temple: 161 daAuts
     D:7: 57 daAuts
